 Dungeon Crawl Stone Soup version 0.27-a0-1200-g94dc6ad4cf (webtiles) character file.

Game seed: 17653505355410046019

480 Delamore the Cudgeller (level 7, -13/44 HPs)
             Began as a Gargoyle Fighter on May 29, 2021.
             Was an Initiate of Qazlal.
             Mangled by an ogre
             ... wielding a +0 giant club
              (15 damage)
             ... on level 4 of the Dungeon.
             The game lasted 00:07:35 (5339 turns).

Delamore the Cudgeller (Gargoyle Fighter)           Turns: 5339, Time: 00:07:36

Health: -13/44     AC: 12    Str: 22    XL:     7   Next: 12%
Magic:  7/7        EV:  7    Int:  8    God:    Qazlal [......]
Gold:   200        SH: 10    Dex:  9    Spells: 6/6 levels left

rFire    . . .     SeeInvis .   a - +0 flail
rCold    . . .     Faith    .   c - +1 kite shield
rNeg     + . .     Spirit   .   b - +0 scale mail
rPois    ∞         Reflect  .   m - +0 helmet
rElec    +         Harm     .   (no cloak)
rCorr    .         Rampage  .   (no gloves)
Will     .....                  (no boots)
Stlth    ..........             (no amulet)
HPRegen  0.14/turn              (no ring)
MPRegen  0.10/turn              (no ring)

@: mighty
A: sickness immunity, AC +4, negative energy resistance 1, electricity
resistance, torment resistance 1, petrification resistance
a: Renounce Religion


You were on level 4 of the Dungeon.
You worshipped Qazlal.
Qazlal was noncommittal.
You visited 1 branch of the dungeon, and saw 5 of its levels.

You collected 200 gold pieces.

Inventory:

Hand Weapons
 a - a +0 flail (weapon)
Missiles
 n - 26 poisoned darts (quivered)
 r - a throwing net
Armour
 b - a +0 scale mail (worn)
 c - a +1 kite shield (worn)
 m - a +0 helmet (worn)
Jewellery
 u - a ring of protection from fire
Scrolls
 f - 2 scrolls of fog
 g - a scroll of blinking {unknown}
 j - a scroll of vulnerability
 k - a scroll of magic mapping
 o - a scroll of teleportation {unknown}
 p - a scroll of enchant weapon {unknown}
 q - a scroll of amnesia {unknown}
 s - 3 scrolls of enchant armour
 t - a scroll of fear {unknown}
Potions
 e - a potion of haste {unknown}
 h - a potion of lignification
 i - 4 potions of flight
 l - a potion of curing


   Skills:
 - Level 5.0 Fighting
 * Level 6.6 Maces & Flails
 - Level 3.2 Armour
 - Level 3.2 Shields


You had 6 spell levels left.
You didn't know any spells.
Your spell library contained the following spells:

 Spells                   Type           Power      Damage    Failure   Level
 Magic Dart               Conj           0%         1d3       99%         1
 Blink                    Tloc           N/A        N/A       100%        2
 Call Imp                 Summ           0%         N/A       100%        2
 Slow                     Hex            0%         N/A       100%        2
 Conjure Flame            Conj/Fire      0%         6-21      100%        3
 Mephitic Cloud           Conj/Pois/Air  0%         N/A       100%        3


Dungeon Overview and Level Annotations

Branches:
Dungeon (5/15)
 Temple: D:4-7

Altars:
Qazlal
The Shining One


Innate Abilities, Weirdness & Mutations

You are immune to sickness and miasma.
Your stone body is resilient. (AC +4)
You are immune to poison.
You resist negative energy. (rN+)
You are resistant to electric shocks. (rElec)
You are resistant to unholy torment.
You are immune to petrification.


Message History

No target in view!
No target in view!
No target in view!
No target in view!
No target in view!
No target in view!
No target in view!
You start resting.
HP restored.
Things that are here:
a +0 flail; a +0 dagger; an orc corpse
There is a stone staircase leading down here.
You climb downwards.
The ogre hits you with a +0 giant club! You block the necrophage's attack.
You block the orc's attack. The orc hits you but does no damage.
The necrophage hits you but does no damage.
You block the ogre's attack.
There is a stone staircase leading up here.
You block the necrophage's attack. The orc hits you but does no damage.
You climb upwards.
There is a stone staircase leading down here.
The ogre barely misses you. The ogre hits you with a +0 giant club!
Okay, then.
You aren't carrying any items that you can evoke.
Unknown command.
You feel very mighty all of a sudden. You block the ogre's attack.
You sock the ogre!
The ogre is heavily wounded.
You block the ogre's attack.
You hit the ogre.
The ogre is severely wounded.
The ogre hits you with a +0 giant club!!
Ouch! That really hurt!
* * * LOW HITPOINT WARNING * * *
You hit the ogre.
The ogre is severely wounded.
The ogre hits you with a +0 giant club!
You die...

####### ......## #.###..########
#.#...........# ####
....####^####.# #...
#.#.#.......#.################.##
#.#.#.......#.oO@...............#
#.#.#.......#.n######...####.....
..#..).._...^..##................
###.#.......#.n##.###..........##
#.#.[.....#.>##.# #..........#
#.#.......#[.##.###.########.##
#.#########(.)......# ##...
#............##.##### ##...# #
###......######.##### ##.....


You could see an ogre, a necrophage and an orc.

Vanquished Creatures
  A phantom (D:4)
  A kobold brigand (D:3)
  A hound (D:4)
  Natasha (thrice) (D:2)
  An orc wizard (D:3)
  Robin (D:2)
  4 gnolls (D:3)
  4 adders
  A worm (D:4)
  6 dart slugs
  9 orcs
  6 endoplasms
  3 giant cockroaches
  11 goblins
  11 hobgoblins
  4 jackals (D:1)
  3 quokkas
  7 ball pythons
  9 bats
  7 frilled lizards
  8 kobolds
  10 rats
111 creatures vanquished.

Notes
Turn   | Place    | Note
-------+----------+-------------------------------------------
     0 | D:1      | Delamore the Gargoyle Fighter began the quest for the Orb.
     0 | D:1      | Reached XP level 1. HP: 14/14 MP: 1/1
    46 | D:1      | Reached XP level 2. HP: 7/19 MP: 2/2
   446 | D:1      | Found a faded altar of an unknown god.
   461 | D:1      | Reached skill level 3 in Maces & Flails
   501 | D:1      | Reached XP level 3. HP: 24/24 MP: 3/3
  1391 | D:2      | Noticed Robin
  1393 | D:2      | Reached XP level 4. HP: 28/29 MP: 4/4
  1794 | D:2      | Killed Robin
  2066 | D:2      | Noticed Natasha
  2079 | D:2      | Killed Natasha
  2080 | D:2      | Reached skill level 4 in Maces & Flails
  2153 | D:2      | Noticed Natasha
  2488 | D:2      | Reached XP level 5. HP: 28/34 MP: 5/5
  2910 | D:2      | Killed Natasha
  2979 | D:2      | Noticed Natasha
  2983 | D:2      | Killed Natasha
  3428 | D:3      | Reached skill level 5 in Maces & Flails
  3516 | D:4      | Found a stormy altar of Qazlal.
  3569 | D:4      | Became a worshipper of Qazlal Stormbringer
  3603 | D:3      | Reached XP level 6. HP: 32/40 MP: 6/6
  3792 | D:3      | Reached skill level 5 in Fighting
  4451 | D:4      | Found a glowing golden altar of the Shining One.
  4888 | D:4      | Reached skill level 6 in Maces & Flails
  4888 | D:4      | Reached XP level 7. HP: 23/44 MP: 7/7
  5185 | D:5      | Entered Level 5 of the Dungeon
  5338 | D:4      | HP: 2/44 [ogre/+0 giant club (23)]
  5339 | D:4      | Mangled by an ogre

Illustrated notes

Levels and vault maps discovered:
D:1:      amcnicky_arrival_single_pillar, layout_loops_cross,
          basic_ecumenical_altar
D:2:      layout_loops_cross, uniq_robin, uniq_natasha
D:3:      minmay_bubble_buster, layout_basic, hangedman_decor_riveting
D:4:      layout_loops_corners, lemuel_tele_altar, grunt_qazlal_clouds,
          due_unseen_surprise
D:5:      layout_rooms, trog_ov_bears_minmay, temple_pool_b, serial_shops, shop

Skill      XL: |  1  2  3  4  5  6 |
---------------+-------------------+-----
Maces & Flails | 3 4 5 6 |  6.6
Fighting       | 4 5 |  5.0
Armour         | |  3.2
Shields        | |  3.2

Action                   |  1- 3 |  4- 6 |  7- 9 || total
-------------------------+-------+-------+-------++-------
Melee: Flail             |   126 |   262 |    21 ||   409
Throw: Dart              |       |     3 |       ||     3
  Use: Scroll            |     2 |     4 |       ||     6
       Potion            |       |     1 |     1 ||     2
Armor: Scale mail        |    96 |   154 |    13 ||   263
Dodge: Dodged            |    65 |    81 |     6 ||   152
Block: Kite shield       |    87 |   162 |    20 ||   269

Table legend: (Time is in decaauts)
 A = Elapsed time spent in this place.
 B = Non-inter-level travel time spent in this place.
 C = Inter-level travel time spent in this place.
 D = Time resting spent in this place.
 E = Time spent auto-exploring this place.
 F = Levels seen in this place.
 G = Mean time per level.
                   A        B        C        D        E       F      G
               +--------+--------+--------+--------+--------+-----+--------+
         Total |   5523 |   5351 |    172 |   1701 |   2669 |   5 | 1104.6 |
       Dungeon |   5523 |   5351 |    172 |   1701 |   2669 |   5 | 1104.6 |
               +--------+--------+--------+--------+--------+-----+--------+

Top non-repeatable levels by time:
     D:1: 1977 daAuts
     D:4: 1305 daAuts
     D:2: 1255 daAuts
     D:3: 975 daAuts
     D:5: 9 daAuts
